 Dungeon Crawl Stone Soup version 0.31-a0-150-g89dc3ad700 (webtiles) character file.

Game seed: 12652159122433972393

837 qw the Skirmisher (level 7, -6/61 HPs)
             Began as a Minotaur Hunter on June 8, 2023.
             Shot with an arrow by a centaur (9 damage)
             ... on level 5 of the Dungeon.
             The game lasted 00:01:20 (3328 turns).

qw the Skirmisher (Minotaur Hunter)                 Turns: 3328, Time: 00:01:20

Health: -6/61      AC:  3    Str: 15 (16) XL:     7   Next: 66%
Magic:  0/6        EV: 13    Int:  5 (6)  God:
Gold:   178        SH:  0    Dex: 14 (15) Spells: 6/6 levels left

rFire   + . .        k - +3 sling of Gaonuh {freeze, rPois}
rCold   + . .        (no shield)
rNeg    . . .        d - +0 robe {rC+ rF+}
rPois   +            (helmet restricted)
rElec   .            (no cloak)
rCorr   .            m - +0 pair of gloves
SInv    .            (no boots)
Will    .....        l - amulet of guardian spirit
Stlth   ++           (no ring)
HPRegen 0.30/turn    (no ring)
MPRegen 0.10/turn

%: guardian spirit
@: no status effects
A: horns 2, retaliatory headbutt
a: no special abilities


You were on level 5 of the Dungeon.
You visited 1 branch of the dungeon, and saw 5 of its levels.

You collected 178 gold pieces.


Innate Abilities, Weirdness & Mutations

You have a pair of horns on your head.
You reflexively headbutt those who attack you in melee.


   Skills:
 + Level 5.5 Fighting
 - Level 9.1 Ranged Weapons
 - Level 1.2 Armour
 - Level 3.0 Dodging
 - Level 0.7 Stealth


You had 6 spell levels left.
You didn't know any spells.
Your spell library was empty.

Inventory:

Hand Weapons
 h - a +2 shortbow
 k - the +3 sling of Gaonuh (weapon) {freeze, rPois}
   (You found it on level 4 of the Dungeon)

   rPois:     It protects you from poison.
Armour
 b - a +2 robe
 d - a +0 robe of resistance (worn)
 m - a +0 pair of gloves (worn)
Jewellery
 j - a ring of fire
 l - an amulet of guardian spirit (around neck)
Potions
 a - a potion of heal wounds {unknown}
 c - a potion of brilliance {unknown}
 e - a potion of curing
 f - 2 potions of enlightenment {unknown}
 g - 2 potions of haste {unknown}
 i - a potion of mutation {unknown}
 n - a potion of lignification {unknown}

Dungeon Overview and Level Annotations

Branches:
Dungeon (5/15)
 Temple: D:4-7

Altars:
Cheibriados
Dithmenos
Fedhas


Message History

The sling bullet freezes the centaur.
The centaur is heavily wounded.
The centaur shoots an arrow.
The arrow hits you!
The centaur shoots an arrow.
The arrow closely misses you.
You shoot a sling bullet.
The sling bullet closely misses the centaur.
The centaur shoots an arrow.
The arrow misses you.
You shoot a sling bullet.
The sling bullet completely misses the centaur.
The centaur shoots an arrow.
The arrow hits you!
The centaur shoots an arrow.
The arrow hits you!
You shoot a sling bullet.
The sling bullet hits the centaur but does no damage.
The centaur is heavily wounded.
The centaur shoots an arrow.
The arrow hits you.
You shoot a sling bullet. The sling bullet hits the centaur.
The sling bullet freezes the centaur.
The centaur is heavily wounded.
The centaur shoots an arrow.
The arrow closely misses you.
The centaur shoots an arrow.
The arrow hits you!
You shoot a sling bullet.
The sling bullet closely misses the centaur.
The centaur shoots an arrow.
The arrow barely misses you.
You shoot a sling bullet. The sling bullet hits the centaur.
The sling bullet freezes the centaur.
The centaur is severely wounded.
The centaur shoots an arrow.
The arrow closely misses you.
You shoot a sling bullet.
The sling bullet hits the centaur but does no damage.
The centaur is severely wounded.
The centaur shoots an arrow.
The arrow hits you.
The centaur shoots an arrow.
The arrow misses you.
You shoot a sling bullet.
The sling bullet hits the centaur but does no damage.
The centaur is severely wounded.
The centaur shoots an arrow.
The arrow hits you!
You shoot a sling bullet.
The sling bullet barely misses the centaur.
The centaur shoots an arrow.
The arrow hits you!
You die...

#.# ####.#
###..#.#
##......#
#....%..#
#........##
..........# c#
..........###..#
..........@...#
...........####
...........#
.........#.
...).....#.#
##......###.
####### ##


You could see a centaur.

Vanquished Creatures
  Grinder (D:3)
  Sigmund (D:2)
  Menkaure (D:5)
  A black bear (D:5)
  A hound (D:5)
  An orc priest (D:3)
  Ijyb (D:3)
  Robin (D:2)
  5 gnolls
  4 adders
  An ufetubus (D:5)
  A worm (D:3)
  3 dart slugs
  4 orcs (D:3)
  8 bats
  5 endoplasms
  3 giant cockroaches
  13 goblins
  11 hobgoblins
  3 jackals (D:4)
  5 quokkas
  7 ball pythons
  2 frilled lizards
  5 kobolds
  4 rats
92 creatures vanquished.

Notes
Turn   | Place    | Note
-------+----------+-------------------------------------------
     0 | D:1      | qw the Minotaur Hunter began the quest for the Orb.
     0 | D:1      | Reached XP level 1. HP: 18/18 MP: 0/0
     0 | D:1      | 0 ||| qw: Version: 0.2-a-120-gdf1a93b
     0 | D:1      | 0 ||| qw: Game counter: 2967
     0 | D:1      | 0 ||| qw: Always use a shield: true
     0 | D:1      | 0 ||| qw: God list: Okawaru
     0 | D:1      | 0 ||| qw: Allow faded altars: false
     0 | D:1      | 0 ||| qw: Do Orc after D:15 true
     0 | D:1      | 0 ||| qw: Do second Lair branch before Depths: true
     0 | D:1      | 0 ||| qw: Lair rune preference: random
     0 | D:1      | 0 ||| qw: Plans: Normal
     0 | D:1      | 0 ||| PLANNING D:1-11
   159 | D:1      | Reached XP level 2. HP: 25/25 MP: 1/1
   183 | D:1      | Reached skill level 5 in Ranged Weapons
   414 | D:1      | Reached skill level 3 in Fighting
   419 | D:1      | Reached XP level 3. HP: 31/31 MP: 2/2
   785 | D:1      | 785 ||| UPGRADING to +0 robe of resistance.
   795 | D:1      | 795 ||| READING 2 scrolls labelled RYPHASK SYRPHOJ.
   796 | D:1      | 796 ||| READING 2 scrolls labelled AFUT ZESACVIHU.
   797 | D:1      | 797 ||| READING scroll of enchant weapon.
   797 | D:1      | 797 ||| ENCHANTING +1 shortbow.
   798 | D:1      | 798 ||| DRINKING 3 cyan potions.
   799 | D:1      | 799 ||| DROPPING scroll of immolation.
   800 | D:1      | 800 ||| DROPPING scroll of butterflies.
   847 | D:2      | Found a blossoming altar of Fedhas.
   919 | D:2      | Noticed Sigmund
   928 | D:2      | 928 ||| DRINKING 2 potions of curing.
   928 | D:2      | 928 ||| (to cure confusion)
   930 | D:2      | Killed Sigmund
   931 | D:2      | Reached skill level 7 in Ranged Weapons
   931 | D:2      | Reached XP level 4. HP: 27/38 MP: 3/3
   931 | D:2      | Reached XP level 5. HP: 32/45 MP: 4/4
   992 | D:2      | Noticed a great orb of eyes
   993 | D:2      | Found a faded altar of an unknown god.
   998 | D:2      | Noticed an eye of devastation
  1002 | D:2      | Noticed a shining eye
  1002 | D:2      | Noticed a shining eye
  1039 | D:2      | Noticed Robin
  1059 | D:2      | HP: 9/46 [hobgoblin[Robin] (5)]
  1064 | D:2      | HP: 9/46 [Robin/+0 club (1)]
  1066 | D:2      | Killed Robin
  1883 | D:2      | 1883 ||| DROPPING +0 leather armour.
  1884 | D:2      | 1884 ||| READING scroll labelled SENINE ASCHI.
  1885 | D:2      | 1885 ||| READING 2 scrolls labelled JESHAI IXOOCAR.
  1886 | D:2      | 1886 ||| DROPPING scroll of vulnerability.
  1940 | D:3      | Noticed Grinder
  1941 | D:3      | 1941 ||| FLEEEEING.
  1944 | D:3      | 1944 ||| FLEEEEING.
  1945 | D:3      | 1945 ||| FLEEEEING.
  1948 | D:3      | 1948 ||| FLEEEEING.
  1949 | D:3      | 1949 ||| FLEEEEING.
  1955 | D:3      | 1955 ||| FLEEEEING.
  1957 | D:3      | 1957 ||| STAIRDANCE
  2064 | D:3      | Found a shadowy altar of Dithmenos.
  2122 | D:3      | Reached XP level 6. HP: 39/52 MP: 5/5
  2309 | D:3      | Killed Grinder
  2310 | D:3      | Reached skill level 8 in Ranged Weapons
  2450 | D:3      | Found a snail-covered altar of Cheibriados.
  2453 | D:3      | Noticed Ijyb
  2456 | D:3      | 2456 ||| FLEEEEING.
  2457 | D:3      | 2457 ||| FLEEEEING.
  2458 | D:3      | 2458 ||| FLEEEEING.
  2459 | D:3      | 2459 ||| FLEEEEING.
  2460 | D:3      | 2460 ||| FLEEEEING.
  2461 | D:3      | 2461 ||| FLEEEEING.
  2462 | D:3      | 2462 ||| FLEEEEING.
  2463 | D:3      | 2463 ||| FLEEEEING.
  2464 | D:3      | 2464 ||| FLEEEEING.
  2465 | D:3      | 2465 ||| FLEEEEING.
  2466 | D:3      | 2466 ||| FLEEEEING.
  2467 | D:3      | 2467 ||| FLEEEEING.
  2477 | D:3      | Killed Ijyb
  2478 | D:3      | Reached XP level 7. HP: 55/59 MP: 6/6
  2685 | D:3      | 2685 ||| UPGRADING to +0 pair of gloves.
  2690 | D:3      | 2690 ||| UPGRADING to amulet of guardian spirit.
  2695 | D:3      | 2695 ||| READING scroll labelled ITIVAFUODU.
  2696 | D:3      | 2696 ||| READING scroll labelled ZYDUENGIGA.
  2697 | D:3      | 2697 ||| DRINKING 2 purple potions.
  2698 | D:3      | 2698 ||| DROPPING potion of degeneration.
  2800 | D:4      | Identified the +3 sling of Gaonuh {freeze, rPois}
  2802 | D:4      | 2802 ||| SWAPPING to +3 sling of Gaonuh {freeze, rPois}.
  3061 | D:4      | 3061 ||| READING scroll labelled KUMISM TURGH.
  3062 | D:4      | 3062 ||| READING 2 scrolls labelled KIJITI IKKEDID.
  3063 | D:4      | 3063 ||| DROPPING scroll of poison.
  3072 | D:5      | Entered Level 5 of the Dungeon
  3072 | D:5      | Noticed Menkaure
  3079 | D:5      | 3079 ||| STAIRDANCE
  3115 | D:5      | Killed Menkaure
  3182 | D:5      | Reached skill level 3 in Dodging
  3231 | D:5      | Reached skill level 9 in Ranged Weapons
  3281 | D:5      | Reached skill level 1 in Armour
  3323 | D:5      | HP: 14/61 [centaur/arrow (11)]
  3327 | D:5      | HP: 3/61 [centaur/arrow (7)]
  3328 | D:5      | Shot with an arrow by a centaur

Levels and vault maps discovered:
D:1:      minmay_arrival_jagged, layout_basic
D:2:      layout_basic, hellmonk_ecumenical_altar_watching_god, basic_altar,
          uniq_robin, uniq_sigmund
D:3:      layout_loops_ring, cheibriados_altar_1, grunt_dithmenos_smoke,
          uniq_grinder, uniq_ijyb
D:4:      layout_rooms
D:5:      layout_cave_pods, lightli_temple_of_fire,
          nicolae_overflow_hidden_temple, uniq_menkaure

Skill      XL: |  1  2  3  4  5  6  7 |
---------------+----------------------+-----
Ranged Weapons | 5 7 8 9 |  9.1
Fighting       | 3 4 5 |  5.5
Dodging        | 3 |  3.0
Armour         | 1 |  1.2
Stealth        | |  0.7

Action                     |  1- 3 |  4- 6 |  7- 9 || total
---------------------------+-------+-------+-------++-------
   Fire: Shortbow          |    65 |   106 |    13 ||   184
         Sling             |       |       |    80 ||    80
    Use: Scroll            |     3 |     2 |     4 ||     9
         Potion            |     2 |       |     1 ||     3
 Armour: Leather armour    |     1 |       |       ||     1
         Robe              |       |     7 |     3 ||    10
  Dodge: Dodged            |     7 |    18 |    41 ||    66

Table legend:
 A = Non-vault XP
 B = Vault XP
 C = Vault XP percentage of total XP
 D = Non-vault monster count
 E = Vault monster count
 F = Vault count percentage of total count
                 A         B        C        D         E       F
            +---------+---------+-------+---------+---------+-------
      Total |     458 |     739 |  61.7 |      76 |      16 |  17.4
            +---------+---------+-------+---------+---------+-------
        D:1 |      43 |       0 |   0.0 |      18 |       0 |   0.0
        D:2 |      40 |     260 |  86.7 |      17 |      13 |  43.3
        D:3 |      91 |     307 |  77.1 |      19 |       2 |   9.5
        D:4 |      47 |       0 |   0.0 |      14 |       0 |   0.0
        D:5 |     237 |     172 |  42.1 |       8 |       1 |  11.1
            +---------+---------+-------+---------+---------+-------
